Map: Ulrena

Players

Neeb - Winner!

  • Race: Protoss Protoss
  • League: Grandmaster

Scarlett

  • Race: Zerg Zerg
  • League: Grandmaster

Event: Team Gravity's Fight Night #40

VOD

Have the link to the VOD?

Description

Time

  • Played on: April 10, 2016, 10:01 p.m.
  • Length: 5:56

All games in this series

Show
View Real Time Build Order
Export as new Build Order

Neeb Protoss - Winner!

Build Orders: 1 Gate Expand 

Get SALT Encoding   

  12  0:00  Probe (Chrono Boost)  
  13  0:11  Probe (Chrono Boost)  
  14  0:18  Pylon  
  14  0:22  Probe (Chrono Boost)  
  15  0:36  Probe (Chrono Boost), Gateway  
  16  0:46  Probe (Chrono Boost)  
  17  0:57  Probe (Chrono Boost)  
  17  0:59  Assimilator  
  18  1:08  Probe (Chrono Boost)  
  19  1:19  Nexus  
  19  1:22  Probe (Chrono Boost)  
  20  1:32  Cybernetics Core  
  20  1:36  Probe (Chrono Boost)  
  21  1:43  Assimilator  
  22  1:49  Pylon  
  22  1:53  Zealot (Chrono Boost)  
  23  2:01  Warp Gate (Chrono Boost)  
  23  2:07  Probe  
  24  2:17  Adept (Chrono Boost)  
  24  2:19  Probe (Chrono Boost)  
  27  2:29  Mothership Core (Chrono Boost)  
  27  2:32  Probe (Chrono Boost)  
  30  2:40  Stalker (Chrono Boost)  
  30  2:43  Probe  
  33  2:48  Probe  
  34  2:56  Probe  
  35  2:59  Probe  
  35  3:02  Gateway  
  35  3:03  Gateway  
  36  3:08  Probe  
  36  3:10  Stalker (Chrono Boost)  
  39  3:14  Pylon  
  39  3:17  Probe  
  40  3:20  Probe  
  41  3:29  Probe  
  42  3:35  Pylon  
  42  3:36  Adept (Chrono Boost)  
  42  3:38  Probe  
  45  3:41  Probe  
  46  3:49  Pylon  
  42  4:00  Pylon  
  41  4:05  Stalker x2  
  45  4:12  Probe x2  
  45  4:20  Stalker  
  44  4:29  Probe x2  
  46  4:38  Sentry x2  
  50  4:41  Probe  
  50  4:44  Sentry  
  53  4:47  Probe  
  54  4:58  Probe  
  54  4:59  Pylon  
  56  5:03  Adept  
  56  5:04  Adept  
  59  5:07  Adept  
  59  5:13  Probe  
  62  5:16  Pylon  
  62  5:17  Probe  
  63  5:28  Stalker x3  
  63  5:33  Probe  
  66  5:37  Probe  
Show
View Real Time Build Order
Export as new Build Order

Scarlett Zerg 

Build Orders: Pool First 

Get SALT Encoding   

  12  0:00  Drone  
  13  0:09  Drone  
  14  0:14  Extractor  
  14  0:15  Drone  
  15  0:22  Overlord  
  15  0:40  Drone x2  
  17  0:44  Extractor  
  17  0:45  Drone  
  17  0:51  Spawning Pool  
  17  0:55  Drone  
  17  1:06  Drone  
  18  1:17  Drone  
  19  1:24  Hatchery  
  18  1:27  Drone  
  19  1:37  Queen  
  21  1:42  Zergling x2  
  22  1:56  Overlord  
  22  2:02  Drone, Roach Warren  
  22  2:12  Evolution Chamber  
  22  2:14  Pneumatized Carapace  
  21  2:18  Drone  
  22  2:27  Drone  
  23  2:34  Overlord  
  23  2:37  Queen  
  23  2:43  Roach  
  27  2:48  Roach  
  29  2:53  Roach  
  29  2:58  Roach  
  33  3:14  Roach x2  
  37  3:24  Drone x4  
  41  3:35  Overlord  
  41  3:37  Queen  
  43  4:00  Drone x6  
  49  4:03  Ravager  
  46  4:20  Drone  
  46  4:21  Drone  
  41  4:31  Overlord x2  
  39  4:42  Hatchery  
  38  4:49  Queen x2  
  42  4:53  Drone x4  
  46  5:06  Overlord  
  46  5:13  Roach x3  
  52  5:15  Overlord x2  
  52  5:20  Overlord x2  
  52  5:35  Roach x2  

Tags
 
Add a new tag
Caveats
  • Supply blocks, unpowered buildings, or Contaminate may cause inaccurate times.
  • Supply counts are checked every 10 seconds.